 Dungeon Crawl Stone Soup version 0.31-a0-844-gdc52ec4e09 (webtiles) character file.

Game seed: 12235407467898406538

158 Bravepunisher the Ducker (level 5, -27/28 HPs)
             Began as a Spriggan Monk on Sept 30, 2023.
             Was a Believer of Okawaru.
             Annihilated by an ogre
             ... wielding a +0 giant spiked club
              (39 damage)
             ... on level 5 of the Dungeon.
             The game lasted 00:09:51 (3007 turns).

Bravepunisher the Ducker (Spriggan Monk)            Turns: 3007, Time: 00:09:52

Health: -27/28     AC:  3    Str:  7    XL:     5   Next: 16%
Magic:  7/7        EV: 22    Int: 12    God:    Okawaru [**....]
Gold:   329        SH:  0    Dex: 25    Spells: 4/4 levels left

rFire   . . .        e - +1 whip (elec)
rCold   . . .        (no shield)
rNeg    . . .        b - +1 robe
rPois   .            (helmet restricted)
rElec   .            (no cloak)
rCorr   .            (gloves unavailable)
SInv    +            (boots unavailable)
Will    .....        l - amulet of magic regeneration
Stlth   ++           i - +6 ring of dexterity
HPRegen 0.24/turn    (no ring)
MPRegen 0.50/turn

%: no passive effects
@: about to teleport, very quick
A: very small, no large weapons, unfitting armour, see invisible, speed 3
a: Renounce Religion, Heroism


You were on level 5 of the Dungeon.
You worshipped Okawaru.
Okawaru was pleased with you.
You visited 1 branch of the dungeon, and saw 5 of its levels.

You collected 329 gold pieces.

Inventory:

Hand Weapons
 e - a +1 whip of electrocution (weapon)
Armour
 b - a +1 robe (worn)
Jewellery
 i - a +6 ring of dexterity (left hand)
 l - an amulet of magic regeneration (around neck)
Wands
 n - a wand of digging (9)
Scrolls
 f - 7 scrolls of identify {unknown}
 r - a scroll of enchant weapon {unknown}
Potions
 a - a potion of enlightenment {unknown}
 d - a potion of brilliance {unknown}
 h - 4 potions of curing
 j - 2 potions of magic {unknown}
 k - 3 potions of might {unknown}
 o - a potion of degeneration {unknown}
 q - a potion of mutation {unknown}
 s - a potion of heal wounds {unknown}


   Skills:
 - Level 3.4 Fighting
 - Level 3.2 Short Blades
 + Level 5.5 Dodging
 * Level 2.5 Invocations


You had 4 spell levels left.
You didn't know any spells.
Your spell library was empty.

Dungeon Overview and Level Annotations

Branches:
Dungeon (5/15)
 Temple: D:4-7

Altars:
Elyvilon
Fedhas
Kikubaaqudgha
Okawaru
Ru
Sif Muna
Vehumet
Zin

Shops:
D:5 (([

Annotations:
D:3 exclusion: oklob plant
D:4 Edmund


Innate Abilities, Weirdness & Mutations

You are very small and have problems with some larger weapons.
You are too small for most types of armour.
You have supernaturally acute eyesight. (SInv)
You cover ground extremely quickly. (Speed+++)


Message History

The hound attacks as it pursues you! The hound completely misses you.
The quokka closely misses you. The hound attacks as it pursues you!
The hound completely misses you.
You hit the phantom.
The phantom is lightly damaged.
The hound closely misses you. The quokka bites you. The phantom misses you.
The hound barely misses you.
You hit the quokka. Lightning courses through the quokka!
You kill the quokka!
Okawaru accepts your kill. The hound barely misses you.
The phantom closely misses you. The adder bites you.
You closely miss the adder. The hound barely misses you.
The adder closely misses you. The hound misses you. The phantom hits you.
The phantom blinks!
You blink.
A sleepcap comes into view.
The phantom completely misses you.
You hit the adder but do no damage. Lightning courses through the adder!!
You kill the adder!
Okawaru accepts your kill. The ogre barely misses you.
The hound bites you but does no damage.
You see here an adder corpse.
The hound attacks as it pursues you! The hound misses you. The ogre misses you.
The phantom closely misses you. The hound attacks as it pursues you!
The hound barely misses you. The hound attacks as it pursues you!
The hound bites you. The sleepcap barely misses you.
The hound attacks as it pursues you! The hound closely misses you.
The hound bites you.
As you read the scroll labelled CAOXAICK COEJ, it crumbles to dust.
It is a scroll of enchant armour.
Your +0 robe glows green for a moment.
The sleepcap closely misses you. The phantom barely misses you.
As you read the scroll labelled FAGAUHO HEAFU, it crumbles to dust.
You feel strangely unstable.
It was a scroll of teleportation.
The sleepcap completely misses you. The phantom closely misses you.
The ogre hits you with a +0 giant spiked club!!!
Ouch! That really hurt!
You die...

......$.......###.#.#.#.##
##....g.......##.#.###.#.##
######.#######.#.##†##.#.##
#.# ##.#.##.#.##o#.## #.#
##.#.##.#.#.##.#.## #.#
##.#.##.#.#†#.##.#.##
#.###.#.##.#o##..#.##.#.#
#..#.#.##O#W##..#.##.#.##
##..#.##h#@##.o#.##.#.##
#...##.#f##.#(.##.#o##
##.##.#.##.#.$##.#.##
###.#.##.#..##.#.## ##.#
##.#.#.#.## ##. ##.#.#.##
## ##.#.## ##.## ###


You could see an ogre, a phantom, a sleepcap, a hound and an orc wizard
(invisible).

Vanquished Creatures
  A hound (D:4)
  4 adders
  A gnoll (D:1)
  A worm (D:2)
  2 dart slugs
  An orc (D:4)
  9 endoplasms
  5 giant cockroaches
  5 goblins
  10 hobgoblins
  4 jackals (D:1)
  8 kobolds
  2 quokkas
  10 ball pythons
  2 bats (D:3)
  3 rats
68 creatures vanquished.

Notes
Turn   | Place    | Note
-------+----------+-------------------------------------------
     0 | D:1      | Bravepunisher the Spriggan Monk began the quest for the
                  | Orb.
     0 | D:1      | Reached XP level 1. HP: 11/11 MP: 2/2
   176 | D:3      | Reached XP level 2. HP: 16/16 MP: 3/3
   307 | D:4      | Noticed a gnoll sergeant
   386 | D:4      | Found a shimmering blue altar of Sif Muna.
   387 | D:4      | Found a sacrificial altar of Ru.
   388 | D:4      | Found a radiant altar of Vehumet.
   396 | D:4      | Found an ancient bone altar of Kikubaaqudgha.
   399 | D:4      | Found a glowing silver altar of Zin.
   475 | D:4      | Found an iron altar of Okawaru.
   496 | D:4      | Reached XP level 3. HP: 9/20 MP: 4/4
   504 | D:4      | Became a worshipper of Warmaster Okawaru
   504 | D:4      | Reached * piety under Okawaru
   504 | D:4      | Reached ** piety under Okawaru
   685 | D:1      | Reached skill level 5 in Dodging
   748 | D:1      | Reached skill level 1 in Invocations
   748 | D:1      | Reached XP level 4. HP: 15/24 MP: 5/5
  1174 | D:2      | You fall into a shaft and drop 1 floor!
  1939 | D:3      | Found a blossoming altar of Fedhas.
  1955 | D:3      | Noticed an oklob plant
  2409 | D:4      | Noticed Edmund
  2411 | D:5      | Entered Level 5 of the Dungeon
  2411 | D:5      | Found Vehefu Zores's Antique Weapon Shop.
  2411 | D:5      | Found Kaucvumu's Antique Weapon Shop.
  2411 | D:5      | Found Nelatiu's Armour Shop.
  2446 | D:4      | Reached XP level 5. HP: 28/28 MP: 7/7
  2837 | D:5      | Found a white marble altar of Elyvilon.
  2896 | D:5      | HP: 1/28 [poisoned by a scorpion]
  2971 | D:5      | Noticed an ogre
  2981 | D:5      | Identified the +1 scale mail of the Transmuting Gods
                  | {Dex+2}
  2984 | D:5      | Noticed a phantom
  3007 | D:5      | Annihilated by an ogre

Illustrated notes

Levels and vault maps discovered:
D:1:      dpeg_arrival_short_road, layout_rooms
D:2:      layout_rooms, nrook_mini_vaults, chequers_serial_rivers_micro_a,
          kennysheep_doodads, minmay_worlds_worst_comb
D:3:      layout_loops_ring, tgw_fedhas
D:4:      layout_loops_corners, okawaru_metal_pillars_3,
          minmay_overflow_temple_star_hex, uniq_edmund
D:5:      minmay_inner_zag, layout_basic, nicolae_overflow_crystal_walls,
          minmay_shop_enchanted_jewellery, nicolae_shop_distant_corner_stores,
          chequers_decorated_corner, uniq_sigmund

Skill      XL: |  1  2  3  4 |
---------------+-------------+-----
Fighting       | 3 |  3.4
Dodging        | 5 |  5.5
Invocations    | 1 2 |  2.5
Short Blades   | |  3.2

Action                     |  1- 3 |  4- 6 || total
---------------------------+-------+-------++-------
  Melee: Short sword       |    15 |       ||    15
         Whip              |    83 |   116 ||   199
         Punch             |     1 |     1 ||     2
    Use: Scroll            |       |     4 ||     4
         Potion            |       |     3 ||     3
   Stab: Sleeping          |     2 |    10 ||    12
 Armour: Robe              |    28 |    39 ||    67
  Dodge: Dodged            |    83 |   157 ||   240

Table legend: (Time is in decaauts)
 A = Elapsed time spent in this place.
 B = Non-inter-level travel time spent in this place.
 C = Inter-level travel time spent in this place.
 D = Time resting spent in this place.
 E = Time spent auto-exploring this place.
 F = Levels seen in this place.
 G = Mean time per level.
                   A        B        C        D        E       F      G
               +--------+--------+--------+--------+--------+-----+--------+
         Total |   2043 |   1970 |     73 |      0 |   1234 |   5 |  408.6 |
       Dungeon |   2043 |   1970 |     73 |      0 |   1234 |   5 |  408.6 |
               +--------+--------+--------+--------+--------+-----+--------+

Top non-repeatable levels by time:
     D:3: 551 daAuts
     D:4: 507 daAuts
     D:2: 435 daAuts
     D:1: 434 daAuts
     D:5: 114 daAuts
